 Dungeon Crawl Stone Soup version 0.29-a0-187-ga23d9638d5 (webtiles) character file.

Game seed: 95774350031894514

32 Hasart the Covered (level 3, 0/30 HPs)
             Began as a Barachi Fighter on Feb 21, 2022.
             Killed from afar by an orc wizard (4 damage)
             ... with a magic dart
             ... on level 3 of the Dungeon.
             The game lasted 00:02:16 (2178 turns).

Hasart the Covered (Barachi Fighter)                Turns: 2178, Time: 00:02:17

Health: 0/30       AC:  8    Str: 19    XL:     3   Next: 27%
Magic:  3/3        EV:  9    Int:  8    God:
Gold:   74         SH:  4    Dex: 11    Spells: 2/2 levels left

rFire   . . .      SeeInvis .   a - +0 long sword
rCold   . . .      Faith    .   c - +0 buckler
rNeg    . . .      Spirit   .   b - +0 scale mail
rPois   .          Reflect  .   m - +0 helmet
rElec   .          Harm     .   (no cloak)
rCorr   .          Rampage  .   (no gloves)
Will    .....                   (no boots)
Stlth   ..........              (no amulet)
HPRegen 0.10/turn               (no ring)
MPRegen 0.08/turn               (no ring)

@: slow
A: amphibious, slowness 1, strong legs 1, +LOS
a: Hop


You were on level 3 of the Dungeon.
You visited 1 branch of the dungeon, and saw 3 of its levels.

You collected 74 gold pieces.

Inventory:

Hand Weapons
 a - a +0 long sword (weapon)
Armour
 b - a +0 scale mail (worn)
 c - a +0 buckler (worn)
 m - a +0 helmet (worn)
Jewellery
 e - a ring of fire
 i - an amulet of magic regeneration
Scrolls
 f - a scroll of identify {unknown}
 h - a scroll of summoning {unknown}
 j - a scroll of brand weapon {unknown}
 k - 2 scrolls of noise {unknown}
Potions
 d - 2 potions of might
 g - a potion of cancellation {unknown}
 l - 2 potions of curing {unknown}
 n - a potion of berserk rage {unknown}


   Skills:
 + Level 3.8 Fighting
 * Level 3.3 Long Blades
 + Level 3.9 Armour
 + Level 1.0 Dodging
 + Level 3.5 Shields


You had 2 spell levels left.
You didn't know any spells.
Your spell library contained the following spells:

 Spells                   Type           Power      Damage    Failure   Level
 Poisonous Vapours        Pois/Air       0%         N/A       94%         2
 Freezing Cloud           Conj/Ice/Air   0%         6-21      100%        5
 Manifold Assault         Tloc           0%         N/A       100%        5
 Maxwell's Capacitive Co  Air            0%         ∞         100%        8


Dungeon Overview and Level Annotations

Branches:
Dungeon (3/15)

Altars:
Xom

Shops:
D:2 *

Annotations:
D:3 Terence; cheburek's ghost, amateur OgHu


Innate Abilities, Weirdness & Mutations

You are amphibious.
You cover ground slowly.
You can hop short distances.
You have an extended range of vision and can be seen from far away.


Message History

You hit the orc.
The orc is moderately wounded.
The orc closely misses you. The kobold hits you but does no damage.
You closely miss the orc.
The orc is moderately wounded.
Terence barely misses you. The orc barely misses you.
The kobold hits you but does no damage.
Terence zaps a wand.
You resist with significant effort.
The now-empty wand crumbles to dust.
You hit the orc.
You kill the orc!
The kobold hits you but does no damage.
The orc wizard casts a spell.
The orc wizard flickers and vanishes!
Deactivating autopickup; reactivate with Ctrl-A.
Terence hits you but does no damage. You block the orc's attack.
The kobold barely misses you. Terence misses you. You block the orc's attack.
The kobold hits you but does no damage.
Terence hits you with a +1 flail of holy wrath.
The orc hits you with a +0 flail. The kobold closely misses you.
Terence hits you with a +1 flail of holy wrath.
A hobgoblin comes into view.
Something hits you but does no damage. The orc hits you with a +0 flail.
The kobold hits you but does no damage. Terence hits you but does no damage.
Something hits you but does no damage. The orc barely misses you.
The kobold closely misses you.
Terence hits you with a +1 flail of holy wrath!
* * * LOW HITPOINT WARNING * * *
You hear some strange, mumbled words.
A puff of flame appears from out of thin air!
The puff of flame hits you but does no damage.
The orc barely misses you.
A bat comes into view.
The kobold closely misses you.
Terence hits you with a +1 flail of holy wrath.
* * * LOW HITPOINT WARNING * * *
You hear some strange, mumbled words.
A magic dart appears from out of thin air!
The magic dart hits you.
You die...

#.####.# ©.=
#......# ..#.
#<...## #..5
#.....#...#
#.....#W..#.
#...†.#.....
#.....###...
..###..)....#####
#.......@@.......
........{Ko.)..###
####...##.........
#.._. #.......##
#.... #.......#
##### #g......#
........#
...?....#
......#b#


You could see Terence, cheburek's ghost, an orc, a hobgoblin, a bat and a
kobold.

Vanquished Creatures
  2 orcs (D:3)
  5 bats
  An endoplasm (D:2)
  A giant cockroach (D:1)
  2 goblins
  2 quokkas (D:1)
  5 ball pythons
  3 frilled lizards (D:1)
  8 kobolds
  3 rats (D:1)
  A spectral hobgoblin (D:1)
33 creatures vanquished.

Notes
Turn   | Place    | Note
-------+----------+-------------------------------------------
     0 | D:1      | Hasart the Barachi Fighter began the quest for the Orb.
     0 | D:1      | Reached XP level 1. HP: 18/18 MP: 1/1
   366 | D:1      | Got Sif Muna's Grimoire of the Floating Voyage
   384 | D:1      | Found a faded altar of an unknown god.
   399 | D:1      | Reached XP level 2. HP: 21/25 MP: 2/2
  1404 | D:2      | Reached skill level 1 in Dodging
  1404 | D:2      | Reached XP level 3. HP: 27/30 MP: 3/3
  1600 | D:2      | Found Quryupir's Assorted Antiques.
  2160 | D:3      | Found a shimmering altar of Xom.
  2162 | D:3      | Noticed Terence
  2166 | D:3      | Noticed cheburek's ghost (amateur OgHu)
  2178 | D:3      | Killed from afar by an orc wizard

Illustrated notes

Levels and vault maps discovered:
D:1:      dpeg_arrival_court, layout_basic,
          dreamdust_ecumenical_altar_drowned_temple
D:2:      minmay_kobold_bridge, layout_loops_corners, serial_shops, shop
D:3:      lemuel_castle_with_subvaults [lemuel_castle_interior_carwin_3],
          layout_rooms, mainiacjoe_overflow_alcove_1,
          gammafunk_ghost_stat_death, uniq_terence

Skill      XL: |  1  2 |
---------------+-------+-----
Long Blades    | 3 |  3.3
Dodging        | 1 |  1.0
Fighting       | |  3.8
Armour         | |  3.9
Shields        | |  3.5

Action                   || total
-------------------------++-------
Melee: Long sword        ||   117
Armor: Scale mail        ||    90
Dodge: Dodged            ||    70
Block: Buckler           ||    30

Table legend: (Time is in decaauts)
 A = Elapsed time spent in this place.
 B = Non-inter-level travel time spent in this place.
 C = Inter-level travel time spent in this place.
 D = Time resting spent in this place.
 E = Time spent auto-exploring this place.
 F = Levels seen in this place.
 G = Mean time per level.
                   A        B        C        D        E       F      G
               +--------+--------+--------+--------+--------+-----+--------+
         Total |   2498 |   2354 |    144 |      0 |   2005 |   3 |  832.7 |
       Dungeon |   2498 |   2354 |    144 |      0 |   2005 |   3 |  832.7 |
               +--------+--------+--------+--------+--------+-----+--------+

Top non-repeatable levels by time:
     D:2: 1393 daAuts
     D:1: 1083 daAuts
     D:3: 21 daAuts
